 Dungeon Crawl Stone Soup version 0.17.1-3-g152610e (webtiles) character file.

53438 WhereThere the Impaler (level 14, -14/127 HPs)
             Began as a Minotaur Fighter on Apr 8, 2016.
             Was a High Priest of Trog.
             Killed from afar by a deep elf conjurer (36 damage)
             ... with a bolt of lightning
             ... on level 2 of the Elven Halls.
             The game lasted 00:57:18 (20245 turns).

WhereThere the Impaler (Minotaur Fighter)          Turns: 20245, Time: 00:57:20

Health: -14/127    AC: 21    Str: 31    XL:     14   Next: 30%
Magic:  1/13       EV:  9    Int:  3    God:    Trog [*****.]
Gold:   341        SH: 21    Dex:  9    Spells: 0 memorised, 13 levels left

rFire  . . .     SeeInvis +     n - +0 demon trident (elec)
rCold  + . .     Clarity  .     t - +3 plate armour
rNeg   . . .     SustAt   .     H - +1 large shield
rPois  .         Gourm    +     (helmet restricted)
rElec  .         Spirit   .     F - +1 cloak
rCorr  .         Warding  .     (no gloves)
rMut   .         Stasis   .     (no boots)
MR     ++...                    k - amulet of Sijajut {Gourm rC+ Str+4}
Stlth  ..........               J - ring of protection from magic
                                E - ring of see invisible

@: very slightly contaminated, drained, very resistant to hostile enchantments,
extremely unstealthy
A: retaliatory headbutt, horns 2, dopey 1
a: Berserk, Trog's Hand, Brothers in Arms, Burn Spellbooks, Renounce Religion


You were on level 2 of the Elven Halls.
You worshipped Trog.
Trog was extremely pleased with you.
You were not hungry.

You visited 4 branches of the dungeon, and saw 18 of its levels.
You visited 1 bazaar.
You also visited: Ossuary.

You collected 2087 gold pieces.
You spent 1746 gold pieces at shops.

Inventory:

Hand Weapons
 n - a +0 demon trident of electrocution (weapon)
 o - a +0 hunting sling
 p - a +1 glaive of venom
Missiles
 b - 41 sling bullets of frost
 l - 24 sling bullets of flame
 q - 24 exploding sling bullets
 O - 22 silver sling bullets
Armour
 t - a +3 plate armour (worn)
 F - a +1 cloak (worn)
 H - a +1 large shield (worn)
 N - a +2 ring mail of positive energy
Jewellery
 h - an uncursed amulet of stasis
 j - an uncursed ring of flight
 k - the amulet of Sijajut (around neck) {Gourm rC+ Str+4}
   (You bought it in a shop in a bazaar)

   [amulet of the gourmand]

   It allows you to eat raw meat even when not hungry.
   It affects your strength (+4).
   It protects you from cold.
 w - an uncursed ring of poison resistance
 D - an uncursed amulet of regeneration
 E - a ring of see invisible (left hand)
 J - a ring of protection from magic (right hand)
Wands
 a - a wand of magic darts (24)
 c - a wand of heal wounds (2)
 f - a wand of frost (18)
 u - a wand of frost (17)
 y - a wand of lightning (7)
 B - a wand of fire (8)
 M - a wand of polymorph (10)
 R - a wand of flame (21)
 S - a wand of frost (27)
Scrolls
 g - 9 scrolls of remove curse
 i - 10 scrolls of teleportation
 v - 2 scrolls of fear
 z - 3 scrolls of identify
Potions
 d - 2 potions of brilliance
 e - a potion of lignification {unknown}
 C - a potion of flight
 I - 2 potions of resistance
 P - a potion of ambrosia {unknown}
Comestibles
 r - 3 meat rations
 s - 3 beef jerkies
 A - 7 royal jellies
 L - 5 bread rations
 Q - 6 fruits


   Skills:
 + Level 12.6 Fighting
 + Level 15.3(15.2) Polearms
 + Level 4.8 Slings
 + Level 13.1 Armour
 + Level 10.8 Dodging
 + Level 2.5 Stealth
 + Level 13.3(13.2) Shields
 + Level 1.0 Evocations


You had 13 spell levels left.
You didn't know any spells.

Dungeon Overview and Level Annotations

Branches:
Dungeon (11/15)            Temple (1/1) D:7            Lair (0/8) D:11
    Orc (4/4) D:11            Elf (2/3) Orc:4

Altars:
Ashenzari
Cheibriados
Dithmenos
Elyvilon
Fedhas
Gozag
Kikubaaqudgha
Makhleb
Nemelex Xobeh
Okawaru
Qazlal
Ru
Sif Muna
Trog
Vehumet
Xom
Yredelemnul
Zin
The Shining One
Beogh

Shops:
D:5 ?   D:9 [   Orc:2 (   Orc:4 *=*=


Innate Abilities, Weirdness & Mutations

You reflexively headbutt those who attack you in melee.
You have a pair of horns on your head.
You are dopey. (Int -2)


Message History

You see here a short sword.
You open the door.
You block the antimagic dire flail's attack.
The deep elf conjurer casts a spell at you.
The bolt of cold hits the antimagic dire flail.
The antimagic dire flail resists.
The bolt of cold hits you! You resist.
* * * LOW HITPOINT WARNING * * *
You block the antimagic dire flail's attack.
There is an open door here.
Your skin stops crawling.
You feel less resistant to hostile enchantments.
You block the antimagic dire flail's attack.
You block the antimagic dire flail's attack.
You open the door.
You block the antimagic dire flail's attack.
The deep elf conjurer gestures at you while chanting.
The bolt of lightning hits the antimagic dire flail.
The antimagic dire flail completely resists.
The bolt of lightning hits you!
You die...

#.# #.##........##.##......#+###
#.####.##........##.##...........
#.#.....+........)..)'...........
#......##........#.###(..........
####.#####.......#.# #...))......
#.# ####......#)####..........
#.# #......####.#.....###)###'
#.###.......###.#.....###.###.
#...'.......'@(.#.....##≈.≈##.
#...#.......##..'..>..##≈.≈###
###.#.......##.##..#####≈§≈###
#.#.......##.##.e##≈≈≈≈.≈≈≈≈
##.#.......##.###.)..).......
#####..)(......##.# #)####≈≈.≈≈##
..##...#..<....##)# #.# #≈≈.≈§#.
...'..###.[....'..# #.# #≈≈§≈§#.
...#.## ##.....##.# #.#####≈§§##.


You could see a deep elf conjurer and an antimagic dire flail.

Vanquished Creatures
  A deep elf sorcerer (Elf:1)
  A stone giant (Orc:4)
  2 deep elf death magi (Elf:1)
  2 deep elf high priests
  Erica (D:8)
  9 dancing weapons (Elf:2)
  The ghost of barb4r1an the Fighter, a novice MiBe of Trog (D:8)
  An orc high priest (Orc:3)
  12 deep elf knights
  A small abomination (Elf:1)
  7 orc knights (Orc:4)
  A mana viper (shapeshifter) (Elf:2)
  4 deep elf summoners
  3 hill giants
  Pikel (D:7)
  A hornet (shapeshifter) (Elf:2)
  A manticore (D:9)
  8 deep elf conjurers
  Joseph (D:9)
  Psyche (D:9)
  A gargoyle (D:11)
  A komodo dragon (shapeshifter) (Elf:2)
  2 trolls
  8 deep elf priests
  A two-headed ogre (shapeshifter) (Elf:1)
  2 trapdoor spiders (D:10)
  21 deep elf magi
  Sigmund (D:5)
  A wyvern (D:11)
  Eustachio (D:4)
  A wraith (D:10)
  Grum (D:10)
  18 deep elf fighters
  2 hippogriffs
  2 hungry ghosts (D:9)
  10 wargs
  3 wolves (D:10)
  3 sky beasts
  34 orc warriors
  5 ogres
  2 ice beasts
  A black bear (D:9)
  2 phantoms
  A wasp (D:10)
  9 centaurs
  6 giant frogs
  An elf zombie (Ossuary)
  14 big kobolds
  4 scorpions
  3 killer bees (D:7)
  4 wights (D:6)
  A spriggan skeleton (D:10)
  A troll skeleton (D:10)
  A giant frog zombie (D:11)
  A centaur zombie (D:6)
  9 orc priests
  4 crimson imps
  2 quasits
  7 centaur skeletons
  A giant frog skeleton (D:11)
  Crazy Yiuf (D:5)
  A hound (D:10)
  21 orc wizards
  7 iguanas
  12 worker ants
  3 hound zombies (Ossuary)
  2 hound skeletons
  4 mummies (Ossuary)
  Robin (D:4)
  9 adders
  4 gnolls (D:6)
  A worker ant zombie (D:8)
  2 shadow imps
  An ooze (D:3)
  2 adder skeletons
  2 adder zombies
  A worm (D:3)
  3 giant geckos
  128 orcs
  2 ball pythons
  10 bats
  4 giant cockroaches
  A gnoll zombie (Ossuary)
  14 goblins
  5 hobgoblins
  9 quokkas
  6 giant newts
  A goblin zombie (Ossuary)
  2 hobgoblin zombies (Ossuary)
  A jackal (D:10)
  A jackal zombie (Ossuary)
  30 kobolds
  A quokka skeleton (D:4)
  4 rats
  2 rat zombies (Ossuary)
549 creatures vanquished.

Vanquished Creatures (collateral kills)
  A deep elf knight (Elf:2)
  A deep elf conjurer (Elf:2)
  2 deep elf magi (Elf:2)
  A deep elf fighter (Elf:2)
5 creatures vanquished.

Vanquished Creatures (others)
  2 deep elf knights
  A slave (D:10)
  A centaur (D:10)
  A hound (D:10)
  A worker ant (D:10)
  An orc (D:9)
  3 kobolds (D:10)
  A giant newt (D:7)
  A jackal (D:10)
12 creatures vanquished.

Grand Total: 566 creatures vanquished

Notes
Turn   | Place    | Note
--------------------------------------------------------------
     0 | D:1      | WhereThere the Minotaur Fighter began the quest for the Orb.
     0 | D:1      | Reached XP level 1. HP: 19/19 MP: 0/0
   209 | D:1      | Reached XP level 2. HP: 27/27 MP: 1/1
   554 | D:1      | Reached skill level 4 in Fighting
   941 | D:2      | Reached XP level 3. HP: 33/33 MP: 2/2
  1110 | D:2      | You fall through a shaft for 2 floors!
  1119 | D:4      | Noticed Robin
  1143 | D:4      | Killed Robin
  1403 | D:4      | Reached XP level 4. HP: 31/40 MP: 3/3
  1484 | D:4      | Noticed a scorpion
  1492 | D:4      | Killed a scorpion
  1492 | D:4      | Reached skill level 5 in Armour
  1642 | D:4      | Reached XP level 5. HP: 45/47 MP: 4/4
  1663 | D:4      | Reached skill level 1 in Slings
  1731 | D:4      | Noticed a centaur
  1741 | D:4      | Killed a centaur
  1741 | D:4      | Reached skill level 1 in Dodging
  2059 | D:4      | Reached XP level 6. HP: 49/53 MP: 5/5
  2186 | D:4      | Noticed Eustachio
  2200 | D:4      | Killed Eustachio
  2200 | D:4      | Reached skill level 6 in Armour
  2818 | D:3      | Reached XP level 7. HP: 45/60 MP: 6/6
  3648 | D:2      | Found an iron altar of Okawaru.
  3932 | D:5      | Entered Level 5 of the Dungeon
  4268 | D:5      | Reached skill level 5 in Polearms
  4628 | D:5      | Reached skill level 7 in Armour
  4782 | D:5      | Found Osucoic's Magic Scroll Emporium.
  4813 | D:5      | Reached skill level 5 in Fighting
  4813 | D:5      | Reached XP level 8. HP: 11/68 MP: 7/7
  5180 | D:5      | Noticed Crazy Yiuf
  5185 | D:5      | Killed Crazy Yiuf
  5270 | D:5      | Found a radiant altar of Vehumet.
  5272 | D:5      | Noticed Sigmund
  5282 | D:5      | Killed Sigmund
  5924 | D:6      | Reached skill level 5 in Dodging
  5994 | D:6      | Reached skill level 8 in Armour
  6111 | D:6      | Reached XP level 9. HP: 51/75 MP: 8/8
  6639 | D:6      | Gained mutation: You are dopey. (Int -2) [potion of mutation]
  6639 | D:6      | Gained mutation: You have a pair of large horns on your head. [potion of mutation]
  6641 | D:6      | Lost mutation: You have a pair of large horns on your head. [potion of cure mutation]
  6641 | D:6      | Lost mutation: You are dopey. (Int -2) [potion of cure mutation]
  7116 | D:7      | Reached skill level 9 in Armour
  7258 | D:7      | Noticed Pikel
  7318 | D:7      | Killed Pikel
  7468 | D:7      | Found a staircase to the Ecumenical Temple.
  7522 | D:7      | Found a sand-covered staircase.
  7528 | Ossuary  | Entered an ossuary
  7948 | Temple   | Entered the Ecumenical Temple
  7998 | Temple   | Became a worshipper of Trog the Wrathful
  8098 | D:8      | Reached skill level 1 in Stealth
  8098 | D:8      | Reached XP level 10. HP: 86/86 MP: 9/9
  8245 | D:8      | Noticed Erica
  8259 | D:8      | Killed Erica
  8259 | D:8      | Reached skill level 10 in Armour
  8485 | D:8      | Noticed barb4r1an's ghost (novice MiBe)
  8509 | D:8      | Killed barb4r1an's ghost
  8664 | D:8      | Reached skill level 5 in Shields
  8678 | D:8      | Reached skill level 10 in Polearms
  8701 | D:8      | Reached * piety under Trog
  8986 | D:9      | Identified Daf Gozo's Guide on the Snowflakes
  9075 | D:9      | Found a basalt altar of Yredelemnul.
  9077 | D:9      | Noticed a profane servitor
  9100 | D:9      | Noticed Psyche
  9104 | D:9      | Noticed Joseph
  9126 | D:9      | Killed Joseph
  9349 | D:9      | Noticed a manticore
  9373 | D:9      | Killed a manticore
  9729 | D:9      | Reached XP level 11. HP: 95/95 MP: 10/10
  9764 | D:9      | Killed Psyche
  9765 | D:9      | Found Nueril's Armour Emporium.
  9812 | D:9      | Found a glowing golden altar of the Shining One.
  9823 | D:9      | Noticed an angel
  9874 | D:9      | Reached ** piety under Trog
 10083 | D:10     | Entered Level 10 of the Dungeon
 10331 | D:10     | Noticed a hill giant
 10345 | D:10     | Killed a hill giant
 10501 | D:10     | Found a burning altar of Makhleb.
 10617 | D:10     | Noticed Grum
 10631 | D:10     | Reached skill level 11 in Polearms
 10652 | D:10     | Killed Grum
 11137 | D:10     | Reached *** piety under Trog
 11598 | D:11     | Found a staircase to the Lair.
 11823 | D:11     | Noticed a hill giant
 11841 | D:11     | Killed a hill giant
 11953 | D:11     | Noticed a hill giant
 11971 | D:11     | Killed a hill giant
 12022 | D:11     | Found a flickering gateway to a bazaar.
 12023 | D:11     | Found a staircase to the Orcish Mines.
 12027 | Bazaar   | Entered a bazaar
 12032 | Bazaar   | Found Itaoney's Jewellery Shop.
 12046 | Bazaar   | Found Uklaerunuk's Book Shop.
 12090 | Bazaar   | Bought the amulet of Sijajut {Gourm rC+ Str+4} for 681 gold pieces
 12131 | Orc:1    | Entered Level 1 of the Orcish Mines
 12202 | Orc:1    | Reached **** piety under Trog
 12203 | Orc:1    | Received a gift from Trog
 12303 | Orc:2    | Found Peudghoe's Antique Weapon Boutique.
 12661 | Orc:3    | Noticed an orc high priest
 12842 | Orc:3    | Noticed a soul eater
 12846 | Orc:3    | Gained mutation: You are dopey. (Int -2) [a neqoxec]
 12847 | Orc:3    | Killed an orc high priest
 13376 | Orc:4    | Entered Level 4 of the Orcish Mines
 13382 | Orc:4    | Received a gift from Trog
 13808 | Orc:2    | Bought a glowing demon trident for 480 gold pieces
 13831 | Orc:4    | Received a gift from Trog
 13834 | Orc:4    | Reached skill level 10 in Fighting
 13868 | Orc:4    | Found a roughly hewn altar of Beogh.
 13998 | Orc:4    | Noticed a stone giant
 14012 | Orc:4    | Killed a stone giant
 14012 | Orc:4    | Reached skill level 10 in Dodging
 14012 | Orc:4    | Reached XP level 12. HP: 40/106 MP: 11/11
 14506 | Orc:4    | Found a staircase to the Elven Halls.
 14553 | Orc:4    | Reached skill level 12 in Polearms
 14812 | Orc:4    | Reached ***** piety under Trog
 14841 | Orc:4    | Received a gift from Trog
 14864 | Orc:4    | Found a roughly hewn altar of Beogh.
 14874 | Orc:4    | Found Vonoiw's Assorted Antiques.
 14956 | Orc:4    | Received a gift from Trog
 14968 | Orc:4    | Found Mekh's Jewellery Emporium.
 14984 | Orc:4    | Reached skill level 10 in Shields
 15091 | Orc:4    | Found Ximmias's Jewellery Emporium.
 15123 | Orc:4    | Received a gift from Trog
 15140 | Orc:4    | Found Duofrip's General Store.
 15198 | Orc:4    | Bought an uncursed amulet of regeneration for 390 gold pieces
 15198 | Orc:4    | Bought an uncursed ring of see invisible for 195 gold pieces
 15685 | Elf:1    | Entered Level 1 of the Elven Halls
 15699 | Elf:1    | Reached skill level 13 in Polearms
 16299 | Elf:1    | Noticed a deep elf high priest
 16309 | Elf:1    | Killed a deep elf high priest
 16309 | Elf:1    | Reached XP level 13. HP: 90/116 MP: 12/12
 16637 | Elf:1    | Noticed a deep elf death mage
 16637 | Elf:1    | Noticed a deep elf death mage
 16669 | Elf:1    | Killed a deep elf death mage
 16698 | Elf:1    | Killed a deep elf death mage
 17167 | Elf:1    | Noticed a deep elf sorcerer
 17201 | Elf:1    | Killed a deep elf sorcerer
 17201 | Elf:1    | Reached skill level 14 in Polearms
 17201 | Elf:1    | Reached skill level 1 in Evocations
 17602 | Elf:1    | Received a gift from Trog
 17900 | Elf:2    | Received a gift from Trog
 18636 | Elf:2    | Found a runed gate.
 18636 | Elf:2    | Found a runed gate.
 18636 | Elf:2    | Found a runed gate.
 19656 | Elf:2    | Reached XP level 14. HP: 113/125 MP: 13/13
 19981 | Elf:2    | Received a gift from Trog
 19987 | Elf:2    | Reached skill level 15 in Polearms
 20245 | Elf:2    | Killed from afar by a deep elf conjurer

Action                   |  1- 3 |  4- 6 |  7- 9 | 10-12 | 13-15 || total
-------------------------+-------+-------+-------+-------+-------++-------
Melee: Trident           |    64 |    43 |   309 |   704 |       ||  1120
       Scythe            |       |       |    55 |       |       ||    55
       Demon trident     |       |       |       |   460 |   490 ||   950
 Fire: Hunting sling     |    12 |    52 |    71 |       |       ||   135
Invok: Burn Spellbooks   |       |       |       |     3 |     1 ||     4
       Trog's Hand       |       |       |       |     2 |     6 ||     8
       Berserk           |       |       |       |     1 |     1 ||     2
       Brothers in Arms  |       |       |       |       |     4 ||     4
Evoke: Wand              |       |       |     4 |       |     4 ||     8
  Use: Potion            |     1 |     1 |    11 |     9 |     4 ||    26
       Scroll            |       |       |    18 |     8 |     1 ||    27
 Stab: Sleeping          |       |       |       |     1 |       ||     1
       Invisible         |       |       |       |       |     1 ||     1
  Eat: Chunk             |     1 |     4 |     4 |    28 |    14 ||    51
       Bread ration      |       |       |     4 |       |       ||     4
       Fruit             |       |       |       |     4 |       ||     4
       Meat ration       |       |       |       |     2 |       ||     2
